 Dungeon Crawl Stone Soup version 0.19.1 (webtiles) character file.

3523 Ice the Basher (level 9, -3/81 HPs)
             Began as a Minotaur Berserker on Dec 7, 2016.
             Was a High Priest of Trog.
             Shot with an arrow by a centaur (6 damage)
             ... on level 9 of the Dungeon.
             The game lasted 00:30:34 (4761 turns).

Ice the Basher (Minotaur Berserker)                 Turns: 4761, Time: 00:30:35

Health: -3/81      AC:  6    Str: 23    XL:     9   Next: 81%
Magic:  8/8        EV: 14    Int:  9    God:    Trog [*****.]
Gold:   61         SH:  0    Dex: 12    Spells: 0 memorised, 8 levels left

rFire  . . .     SeeInvis +     u - +4 mace of Valour {flame, +Inv MR+ Int+5}
rCold  + . .     Gourm    .     r - +3 leather armour {MR+}
rNeg   . . .     Faith    +     (no shield)
rPois  .         Spirit   .     (helmet restricted)
rElec  .         Reflect  .     (no cloak)
rCorr  .         Harm     .     (no gloves)
MR     ++...                    (no boots)
Stlth  +.........               I - amulet of faith
                                H - ring of see invisible
                                l - ring of protection from cold

@: exhausted
A: retaliatory headbutt, horns 2, blurry vision 1, robust 1, no device heal 1
a: Berserk, Trog's Hand, Brothers in Arms, Burn Spellbooks, Renounce Religion,
Evoke Invisibility


You were on level 9 of the Dungeon.
You worshipped Trog.
Trog was extremely pleased with you.
You were very hungry.

You visited 1 branch of the dungeon, and saw 9 of its levels.

You collected 259 gold pieces.
You spent 198 gold pieces at shops.

Inventory:

Hand Weapons
 o - a +0 dagger
 u - the +4 mace of Valour (weapon) {flame, +Inv MR+ Int+5}
   (You found it on level 4 of the Dungeon)

   It has been specially enchanted to burn those struck by it, causing extra
   injury to most foes and up to half again as much damage against particularly
   susceptible opponents.
   It affects your intelligence (+5).
   It affects your resistance to hostile enchantments.
   It lets you turn invisible.
 D - a +0 fustibalus
 K - a +2 hand crossbow of velocity
Missiles
 a - 117 arrows
 d - 51 sling bullets
 i - 338 stones (quivered)
 k - 5 tomahawks
 n - 46 poisoned needles
 x - 5 bolts
 J - 7 needles of confusion
Armour
 r - a +3 leather armour of magic resistance (worn)
Jewellery
 l - a ring of protection from cold (left hand)
 H - a ring of see invisible (right hand)
 I - an amulet of faith (around neck)
Wands
 F - a wand of lightning (0/15)
 L - a wand of lightning (0/15)
Scrolls
 m - a scroll of enchant weapon {unknown}
 t - 3 scrolls of teleportation {unknown}
 v - 2 scrolls of fog
 y - 2 scrolls of amnesia {unknown}
 A - 3 scrolls of remove curse
 C - 4 scrolls of recharging {unknown}
 N - a scroll of enchant armour
Potions
 e - 3 potions of flight
 g - a potion of might {unknown}
 h - a potion of haste
 w - 2 potions of invisibility {unknown}
 z - a potion of mutation
 E - a potion of magic {unknown}
Books
 M - a book of Frost

   Spells                             Type                      Level
   a - Freeze                         Ice                          1
   b - Throw Frost                    Conjuration/Ice              2
   c - Ozocubu's Armour               Charms/Ice                   3
   d - Throw Icicle                   Conjuration/Ice              4
   e - Summon Ice Beast               Ice/Summoning                4
   Trog disapproves of the use of such an item.
Comestibles
 b - 3 meat rations
 c - 4 bread rations
 f - 3 royal jellies
 j - 2 slices of pizza
 p - 11 chunks of flesh
 q - 2 beef jerkies


   Skills:
 - Level 5.0 Fighting
   Level 3.6(10.0) Axes
 - Level 14.0(14.2) Maces & Flails
 + Level 4.6 Crossbows
 - Level 2.4 Armour
 - Level 5.0 Dodging


You had 8 spell levels left.
You didn't know any spells.

Dungeon Overview and Level Annotations

Branches:
Dungeon (10/15)            Temple (0/1) D:5            Lair (0/6) D:10
    Orc (0/2) D:9

Altars:
Ashenzari
Dithmenos
Nemelex Xobeh
Trog
Yredelemnul
The Shining One

Shops:
D:7 (


Innate Abilities, Weirdness & Mutations

You reflexively headbutt those who attack you in melee.
You have a pair of horns on your head.
Scrolls take you a little longer to read.
You are robust. (+10% HP)
Potions and wands are less effective at restoring your health.


Message History

You feel better.
Drop what? 38/52 slots (_ for help) (? for menu, Esc to quit)
You drop a book of Changes.
The centaur shoots an arrow.
The arrow misses you.
The centaur shoots an arrow.
The arrow hits you!
* * * LOW HITPOINT WARNING * * *
The centaur shoots an arrow.
The arrow hits you.
* * * LOW HITPOINT WARNING * * *
You see here 3 arrows.
The centaur shoots an arrow.
The arrow hits you!
* * * LOW HITPOINT WARNING * * *
You see here an arrow.
Zapping:
L - a wand of lightning {zapped: 1} (will waste charges)
Press: ? - help, Shift-Dir - straight line, f/p - centaur
Aim: a centaur, wielding a shortbow You hear a mighty clap of thunder!
The bolt of lightning hits the centaur.
The centaur is severely wounded.
Evoking this partially-identified wand wasted a few charges.
The centaur shoots an arrow.
The arrow hits you.
You die...

...$...)(...... #c# #c#
#)# #(# #)# #:# #(# #@#
#(# #.# ## #.# #.. #.#
#... #.#
#....#.########+# .≈≈≈.
#.............#[##.≈≈≈.
..#.......####.#........


You could see 2 centaurs.

Vanquished Creatures
  The ghost of kimtruck the Basher, a novice MiBe of Trog (D:6)
  Joseph (D:7)
  A troll (D:9)
  A yak (D:10)
  Edmund (D:5)
  An ice beast (D:5)
  A phantom (D:9)
  2 orc warriors
  An ogre (D:4)
  5 bullfrogs
  2 scorpions
  4 killer bees (D:10)
  4 wights (D:10)
  A howler monkey (D:5)
  A crimson imp (D:6)
  5 hounds
  A bullfrog skeleton (D:4)
  2 jellies
  7 orc priests
  4 orc wizards
  A centaur skeleton (D:5)
  5 worker ants
  A worker ant zombie (D:6)
  6 adders
  A river rat (D:10)
  A shadow imp (D:6)
  An ooze (D:2)
  2 worms (D:4)
  A dart slug (D:4)
  5 leopard geckos
  25 orcs
  2 ball pythons
  3 giant cockroaches
  7 goblins
  7 hobgoblins
  13 jackals
  6 kobolds
  3 quokkas
  17 bats
  3 frilled lizards
  A giant cockroach zombie (D:6)
  14 rats
171 creatures vanquished.

Notes
Turn   | Place    | Note
-------+----------+-------------------------------------------
     0 | D:1      | Ice the Minotaur Berserker began the quest for the Orb.
     0 | D:1      | Reached XP level 1. HP: 19/19 MP: 0/0
    91 | D:1      | Reached XP level 2. HP: 15/26 MP: 1/1
   506 | D:2      | Reached XP level 3. HP: 31/31 MP: 2/2
   633 | D:2      | Reached ** piety under Trog
   668 | D:2      | Found a shattered altar of Ashenzari.
  1007 | D:3      | Reached skill level 5 in Dodging
  1007 | D:3      | Reached XP level 4. HP: 21/39 MP: 3/3
  1334 | D:3      | Found a faded altar of an unknown god.
  1538 | D:3      | Reached XP level 5. HP: 43/47 MP: 4/4
  1777 | D:4      | Got a slimy mace
  1778 | D:4      | Identified the +4 mace of Valour {flame, +Inv MR+ Int+5} (You found it on level 4 of the Dungeon)
  1858 | D:4      | Reached skill level 5 in Fighting
  2173 | D:4      | Reached skill level 1 in Maces & Flails
  2193 | D:4      | Found a shadowy altar of Dithmenos.
  2249 | D:4      | Reached skill level 2 in Maces & Flails
  2275 | D:4      | Reached skill level 3 in Maces & Flails
  2281 | D:4      | Gained mutation: Scrolls take you a little longer to read. [potion of mutation]
  2281 | D:4      | Gained mutation: You are robust. (+10% HP) [potion of mutation]
  2281 | D:4      | Gained mutation: Potions and wands are less effective at restoring your health. [potion of mutation]
  2377 | D:4      | Noticed an ogre
  2380 | D:4      | Killed an ogre
  2380 | D:4      | Reached skill level 4 in Maces & Flails
  2380 | D:4      | Reached XP level 6. HP: 33/61 MP: 5/5
  2400 | D:4      | Reached skill level 5 in Maces & Flails
  2410 | D:4      | Reached *** piety under Trog
  2651 | D:5      | Entered Level 5 of the Dungeon
  2680 | D:5      | Reached skill level 6 in Maces & Flails
  2705 | D:5      | Found a basalt altar of Yredelemnul.
  2756 | D:5      | Noticed an ice beast
  2756 | D:5      | Reached XP level 7. HP: 60/67 MP: 6/6
  2758 | D:5      | Noticed Edmund
  2764 | D:5      | Reached skill level 7 in Maces & Flails
  2777 | D:5      | Killed Edmund
  2779 | D:5      | Reached skill level 8 in Maces & Flails
  2871 | D:5      | Found a sparkling altar of Nemelex Xobeh.
  3024 | D:5      | Found a staircase to the Ecumenical Temple.
  3189 | D:6      | Reached skill level 9 in Maces & Flails
  3212 | D:6      | Reached XP level 8. HP: 58/74 MP: 7/7
  3324 | D:6      | Reached skill level 10 in Maces & Flails
  3372 | D:6      | Found a bloodstained altar of Trog.
  3499 | D:6      | Noticed kimtruck's ghost (novice MiBe)
  3518 | D:6      | Killed kimtruck's ghost
  3518 | D:6      | Reached skill level 12 in Maces & Flails
  3550 | D:6      | Reached **** piety under Trog
  3695 | D:6      | Found a glowing golden altar of the Shining One.
  4028 | D:7      | Found Dakamus's Weapon Shoppe.
  4030 | D:7      | Bought a +2 hand crossbow of velocity for 172 gold pieces
  4030 | D:7      | Bought 26 stones for 26 gold pieces
  4034 | D:7      | Reached XP level 9. HP: 81/81 MP: 8/8
  4061 | D:7      | Noticed Joseph
  4077 | D:7      | Killed Joseph
  4127 | D:7      | You fall through a shaft for 3 floors!
  4127 | D:10     | Entered Level 10 of the Dungeon
  4134 | D:10     | Reached skill level 13 in Maces & Flails
  4380 | D:10     | Found a staircase to the Lair.
  4546 | D:9      | Reached ***** piety under Trog
  4546 | D:9      | Reached skill level 14 in Maces & Flails
  4671 | D:9      | Reached skill level 1 in Crossbows
  4699 | D:9      | Found a staircase to the Orcish Mines.
  4700 | D:9      | Noticed a troll
  4712 | D:9      | Killed a troll
  4760 | D:9      | HP: 3/81 [centaur/arrow (8)]
  4761 | D:9      | Shot with an arrow by a centaur

Skill      XL: |  1  2  3  4  5  6  7  8  9 |
---------------+----------------------------+-----
Dodging        | 3 5 |  5.0
Fighting       | 4 5 |  5.0
Maces & Flails | 4 6 9 12 14 | 14.0
Crossbows      | 4 |  4.6
Axes           | |  3.6
Armour         | |  2.4

Action                   |  1- 3 |  4- 6 |  7- 9 || total
-------------------------+-------+-------+-------++-------
Melee: Mace              |    25 |    68 |   168 ||   261
       Hand axe          |     3 |       |       ||     3
       Headbutt          |     8 |    14 |    28 ||    50
       Whip              |    27 |    25 |       ||    52
 Fire: Hunting sling     |    11 |    61 |     7 ||    79
       Fustibalus        |       |       |    37 ||    37
       Hand crossbow     |       |       |    16 ||    16
Throw: Stone             |    39 |     8 |     9 ||    56
Invok: Berserk           |       |     1 |     4 ||     5
Evoke: Wand              |       |       |     3 ||     3
  Use: Scroll            |     6 |     4 |     4 ||    14
       Potion            |       |     4 |     7 ||    11
  Eat: Chunk             |       |     7 |     9 ||    16
Armor: Animal skin       |     9 |       |       ||     9
       Leather armour    |     5 |    32 |    46 ||    83
Dodge: Dodged            |    44 |    43 |   118 ||   205
